 Dungeon Crawl Stone Soup version 0.30.1-11-g7821555f0a (webtiles) character file.

Game seed: 9854964877466778211

30649 Banto the Spear-Bearer (level 13, -5/103 HPs)
             Began as a Demonspawn Gladiator on May 5, 2023.
             Was a High Priest of Okawaru.
             Slain by a death yak simulacrum (8 damage)
             ... in an ice cave on Dec 12, 2023.
             The game lasted 00:34:22 (17214 turns).

Banto the Spear-Bearer (Demonspawn Gladiator)      Turns: 17214, Time: 00:34:23

Health: -5/103     AC: 32    Str: 15    XL:     13   Next: 21%
Magic:  22/22      EV: 11    Int: 13    God:    Okawaru [*****.]
Gold:   433        SH:  9    Dex: 14    Spells: 12/12 levels left

rFire   + . .        j - +4 trident (protect)
rCold   + + .        (no shield)
rNeg    . . .        L - +1 chain mail {rC+}
rPois   .            (helmet restricted)
rElec   .            p - scarf {rC+ rF+}
rCorr   .            (no gloves)
SInv    .            e - +0 pair of boots
Will    .....        I - amulet of reflection Stlth
                     m - ring of flight
HPRegen 0.37/turn    x - ring of magical power
MPRegen 0.18/turn

%: reflection
@: sanguine armoured, under a protective aura, flying
A: antennae 2, spiny 1, sanguine armour 3, condensation shield, hooves 1, dopey
1, subdued magic 1
a: Renounce Religion, Heroism, Finesse, Duel


You were in an ice cave.
You worshipped Okawaru.
Okawaru was extremely pleased with you.
You visited 3 branches of the dungeon, and saw 15 of its levels.
You also visited: Sewer and Ice Cave.

You collected 653 gold pieces.
You spent 220 gold pieces at shops.

Inventory:

Hand Weapons
 j - a +4 trident of protection (weapon)
 K - the +3 glaive of Corporal Punishment {flame, rCorr Dex+3}
   (Okawaru gifted it to you in an ice cave)

   Dex:       It affects your dexterity (+3).
   rCorr:     It protects you from acid and corrosion.
Missiles
 d - 5 throwing nets (quivered)
Armour
 e - a +0 pair of boots (worn)
 g - a +3 chain mail
 p - a scarf of resistance (worn)
 F - the +0 ring mail of Beauty {+Inv rF+ Stlth-}
   (Okawaru gifted it to you on level 11 of the Dungeon)

   rF:        It protects you from fire.
   +Inv:      It lets you turn invisible.
   Stlth:     It makes you less stealthy.
 L - a +1 chain mail of cold resistance (worn)
Jewellery
 m - a ring of flight (left hand)
 x - a ring of magical power (right hand)
 C - a +6 ring of intelligence
 I - an amulet of reflection (around neck)
Wands
 c - a wand of polymorph (4)
 i - a wand of light (6)
 o - a wand of paralysis (10)
 z - a wand of roots (5)
 E - a wand of flame (22)
 G - a wand of mindburst (4)
Scrolls
 f - a scroll of immolation
 l - a scroll of amnesia
 n - a scroll of blinking
 r - 2 scrolls of fog
 s - 2 scrolls of magic mapping
 t - 2 scrolls of teleportation
 u - a scroll of fear
 w - 5 scrolls of identify
 y - a scroll of silence
 D - a scroll of enchant weapon
Potions
 a - 2 potions of attraction
 b - a potion of lignification
 h - 8 potions of might
 k - a potion of haste
 q - 6 potions of curing
 v - 3 potions of brilliance
 A - 3 potions of heal wounds
 B - 3 potions of flight
 H - a potion of berserk rage
 J - a potion of cancellation


   Skills:
 - Level 10.0 Fighting
 - Level 14.0 Polearms
 - Level 1.7 Throwing
 + Level 9.3 Armour
 + Level 9.8 Dodging


You had 12 spell levels left.
You didn't know any spells.
Your spell library contained the following spells:

 Spells                   Type           Power      Damage    Failure   Level
 Freeze                   Ice            0%         1d3       95%         1
 Magic Dart               Conj           0%         1d3       95%         1
 Blink                    Tloc           0%         N/A       99%         2
 Ensorcelled Hibernation  Hex/Ice        0%         N/A       99%         2
 Lesser Beckoning         Tloc           0%         N/A       99%         2
 Momentum Strike          Conj/Tloc      0%         3d8       99%         2
 Passwall                 Tmut/Erth      0%         N/A       99%         2
 Sublimation of Blood     Necr           0%         N/A       99%         2
 Wereblood                Tmut           0%         N/A       99%         2
 Frozen Ramparts          Ice            0%         1d1       100%        3
 Gell's Gravitas          Tloc           0%         N/A       100%        3
 Hailstorm                Conj/Ice       0%         3d3       100%        3
 Mephitic Cloud           Conj/Pois/Air  0%         N/A       100%        3
 Swiftness                Air            0%         N/A       100%        3
 Teleport Other           Tloc           0%         N/A       100%        3
 Flame Wave               Conj/Fire      0%         2d4       100%        4
 Petrify                  Tmut/Erth      0%         N/A       100%        4
 Alistair's Intoxication  Tmut/Pois      0%         N/A       100%        5
 Blade Hands              Tmut           0%         N/A       100%        5
 Borgnjor's Vile Clutch   Necr/Erth      0%         N/A       100%        5
 Fireball                 Conj/Fire      0%         3d3       100%        5
 Irradiate                Conj/Tmut      0%         3d11      100%        5
 Metabolic Englaciation   Hex/Ice        0%         N/A       100%        5
 Eringya's Noxious Bog    Tmut/Pois      0%         N/A       100%        6
 Statue Form              Tmut/Erth      0%         N/A       100%        6
 Dragon Form              Tmut           0%         N/A       100%        7
 Storm Form               Tmut/Air       0%         N/A       100%        7
 Ignition                 Fire           0%         3d3       100%        8
 Maxwell's Capacitive Co  Air            0%         ∞         100%        8
 Summon Small Mammal      Summ           Unusable   N/A       N/A         1
 Call Imp                 Summ           Unusable   N/A       N/A         2
 Call Canine Familiar     Summ           Unusable   N/A       N/A         3
 Summon Guardian Golem    Hex/Summ       Unusable   N/A       N/A         3
 Summon Lightning Spire   Summ/Air       Unusable   N/A       N/A         4
 Summon Hydra             Summ           Unusable   N/A       N/A         7

Dungeon Overview and Level Annotations

Branches:
Dungeon (11/15)            Temple (1/1) D:5            Lair (3/5) D:8
 Shoals (0/4) Lair:3        Sewer (visited)           IceCv (1/1)
  Snake: Lair:2-3    Spider: Lair:2-3       Orc: D:9-12

Altars:
Ashenzari
Cheibriados
Dithmenos
Fedhas
Gozag
Hepliaklqana
Kikubaaqudgha
Makhleb
Okawaru
Qazlal
Sif Muna
Uskayaw
Vehumet
Wu Jian
Yredelemnul

Shops:
D:6 *

Annotations:
IceCv 2 exclusions


Innate Abilities, Weirdness & Mutations

You have a pair of antennae on your head.
You are partially covered in sharp spines.
When seriously injured, your blood forms very thick armour. (AC +12)
A meltable shield of frost defends you. (SH +4)
You have large cloven feet.
You are dopey. (Int -2)
Your spells are a little easier to cast, but a little less powerful.


Message History

The reaper is heavily wounded.
You puncture the reaper!
The reaper is severely wounded.
You block the reaper's attack.
You puncture the reaper!
The reaper is severely wounded.
The reaper is engulfed in freezing vapours.
The reaper hits you with a +0 scythe of freezing.
You hit the reaper.
The reaper is severely wounded.
You closely miss the reaper.
The reaper is severely wounded.
The reaper is engulfed in freezing vapours.
The reaper hits you with a +0 scythe of freezing!
The reaper freezes you.
You hit the reaper but do no damage.
The reaper is severely wounded.
You hit the reaper.
The reaper is almost dead.
The reaper is struck by your spines.
The reaper hits you with a +0 scythe of freezing!
* * * LOW HITPOINT WARNING * * *
The reaper freezes you.
* * * LOW HITPOINT WARNING * * *
You hit the reaper.
The reaper is almost dead.
The reaper is struck by your spines.
You kill the reaper!
Okawaru is honoured by your kill.
Unknown command.
You feel like a meek peon again.
You see here a +0 scythe of freezing.
You are too injured to fight recklessly!
You are too injured to fight recklessly!
You hit the death yak simulacrum.
The death yak simulacrum is lightly damaged.
The death yak simulacrum gores you!
* * * LOW HITPOINT WARNING * * *
The death yak simulacrum freezes you! You resist.
You die...

≈≈≈≈≈≈≈≈# #..## ≈≈≈≈≈≈≈≈
##..## ≈≈≈≈≈≈ ###..#
#####..#####~~.## .
###...##~~≈#~~#### .Z
##..##..~#~~~~## 2Z.
#..#####.~~#~#~# .Z.Z
########.Z#....#####~#
#...##Z..##○○.#@.#.....#
##
#ZZ.##.Z2#########.⌠.#
########## #...# #####


You could see a death yak simulacrum.

Vanquished Creatures
  A reaper (IceCv)
  A hydra (Lair:2)
  Erica (D:8)
  2 death yaks (Lair:2)
  5 two-headed ogres
  A harpy (Lair:3)
  4 black mambas
  An ice statue (IceCv)
  A torpor snail (Lair:2)
  3 cane toads
  2 komodo dragons
  A kobold demonologist (D:11)
  An anaconda simulacrum (IceCv)
  3 trolls
  4 hornets
  7 blink frogs (Lair:3)
  Grinder (D:3)
  3 dream sheep (Lair:2)
  Sigmund (D:3)
  2 shadows
  42 yaks
  9 wyverns
  2 wraiths
  3 basilisks
  4 death yak simulacra (IceCv)
  A harpy simulacrum (IceCv)
  Menkaure (D:5)
  12 water moccasins
  Duvessa (D:7)
  5 black bears
  3 ice beasts
  2 wolves (D:8)
  2 ogres (D:5)
  5 centaurs
  2 phantoms
  3 kobold brigands
  7 bullfrogs
  4 scorpions
  2 necrophages (D:6)
  5 two-headed ogre simulacra (IceCv)
  3 cane toad simulacra (IceCv)
  A gnoll sergeant (D:7)
  17 wights
  Dowan (D:7)
  An elephant simulacrum (IceCv)
  8 killer bees
  A howler monkey (D:5)
  A bullfrog zombie (D:6)
  2 jellies (D:6)
  A centaur zombie (D:6)
  A human zombie (D:6)
  4 orc priests (D:9)
  3 hounds
  2 gnoll boudas
  3 iron imps (D:9)
  Ijyb (D:5)
  7 hell rats (Lair:1)
  A sleepcap (D:8)
  6 iguanas
  6 orc wizards
  7 troll simulacra (IceCv)
  2 spriggan simulacra (IceCv)
  A polar bear simulacrum (IceCv)
  3 wolf simulacra (IceCv)
  3 mummies (D:6)
  A howler monkey zombie (D:6)
  18 gnolls
  5 adders
  6 naga simulacra (IceCv)
  A shadow imp (D:7)
  16 white imps
  9 ufetubi
  A worm (D:5)
  5 dart slugs
  13 orcs
  4 endoplasms
  15 giant cockroaches
  6 hobgoblins
  5 jackals
  7 quokkas
  5 ball pythons
  4 bats (D:1)
  4 frilled lizards
  6 goblins
  8 kobolds
  11 rats
396 creatures vanquished.

Notes
Turn   | Place    | Note
-------+----------+-------------------------------------------
     0 | D:1      | Banto the Demonspawn Gladiator began the quest for the Orb.
     0 | D:1      | Reached XP level 1. HP: 16/16 MP: 1/1
    77 | D:1      | Reached skill level 3 in Polearms
    94 | D:1      | Upgraded the game from 0.30-b1-6-gad0e9d6a2d to
                  | 0.30.1-11-g7821555f0a
   156 | D:1      | Gained mutation: You are partially covered in sharp spines.
                  | [demonic ancestry]
   156 | D:1      | Reached XP level 2. HP: 22/22 MP: 2/2
   484 | D:1      | You fall into a shaft and drop 1 floor!
   527 | D:2      | Gained mutation: You have a pair of small antennae on your
                  | head. [demonic ancestry]
   527 | D:2      | Reached XP level 3. HP: 27/27 MP: 3/3
   581 | D:2      | Reached skill level 4 in Polearms
  1380 | D:3      | Reached XP level 4. HP: 33/33 MP: 4/4
  1447 | D:3      | Noticed Sigmund
  1540 | D:3      | Killed Sigmund
  1541 | D:3      | Reached skill level 6 in Polearms
  1541 | D:3      | Reached XP level 5. HP: 30/38 MP: 5/5
  1615 | D:3      | Noticed Grinder
  1629 | D:3      | Paralysed by Grinder for 3 turns
  1630 | D:3      | Killed Grinder
  1631 | D:3      | Gained mutation: A meltable shield of frost defends you.
                  | (SH +4) [demonic ancestry]
  1631 | D:3      | Reached XP level 6. HP: 9/44 MP: 6/6
  1791 | D:3      | Found a blossoming altar of Fedhas.
  1868 | D:3      | Reached skill level 7 in Polearms
  1906 | D:3      | Found a faded altar of an unknown god.
  1998 | D:4      | Gained mutation: Your body sometimes deteriorates upon
                  | taking damage. [potion of mutation]
  1998 | D:4      | Lost mutation: Your body sometimes deteriorates upon taking
                  | damage. [potion of mutation]
  1998 | D:4      | Gained mutation: You have a pair of antennae on your head.
                  | [potion of mutation]
  2286 | D:4      | Gained mutation: When seriously injured, your blood forms
                  | armour. (AC +12) [demonic ancestry]
  2286 | D:4      | Reached XP level 7. HP: 50/50 MP: 7/7
  2446 | D:4      | Reached skill level 8 in Polearms
  2526 | D:4      | Found a glowing drain.
  2544 | Sewer    | Entered a sewer
  3343 | D:5      | Entered Level 5 of the Dungeon
  3343 | D:5      | Noticed a hornet
  3353 | D:4      | Paralysed by a hornet for 3 turns
  3369 | D:4      | Killed a hornet
  3370 | D:4      | Reached skill level 9 in Polearms
  3370 | D:4      | Reached XP level 8. HP: 15/56 MP: 8/8
  3565 | D:5      | Found the +18 Lear's hauberk
  3819 | D:5      | Found a staircase to the Ecumenical Temple.
  3828 | D:5      | Noticed Menkaure
  3835 | Temple   | Entered the Ecumenical Temple
  3953 | Temple   | Became a worshipper of Warmaster Okawaru
  3980 | D:5      | Killed Menkaure
  3981 | D:5      | Reached skill level 10 in Polearms
  4670 | D:5      | Reached skill level 11 in Polearms
  4802 | D:5      | Reached * piety under Okawaru
  4832 | D:5      | Noticed Ijyb
  4838 | D:5      | Killed Ijyb
  4922 | D:5      | Reached XP level 9. HP: 34/61 MP: 9/9
  5607 | D:6      | Reached ** piety under Okawaru
  5634 | D:6      | Reached skill level 12 in Polearms
  5663 | D:6      | Found a basalt altar of Yredelemnul.
  6198 | D:6      | Found Afruuv's General Store.
  6205 | D:6      | Bought a scroll of brand weapon for 123 gold pieces
  6205 | D:6      | Bought a scroll of magic mapping for 97 gold pieces
  6396 | D:7      | Paralysed by a hornet for 3 turns
  6402 | D:7      | Paralysed by a hornet for 3 turns
  6412 | D:7      | Reached skill level 13 in Polearms
  6663 | D:7      | Got the Enchiridion on the Blaze
  6676 | D:7      | Reached *** piety under Okawaru
  6710 | D:7      | Noticed Dowan
  6716 | D:7      | Killed Dowan
  6740 | D:7      | Noticed Duvessa
  6942 | D:7      | Killed Duvessa
  7154 | D:7      | Gained mutation: When seriously injured, your blood forms
                  | thick armour. (AC +12) [demonic ancestry]
  7154 | D:7      | Reached XP level 10. HP: 65/67 MP: 10/10
  7619 | D:7      | Found a hide-covered altar of Uskayaw.
  7721 | D:8      | Reached skill level 14 in Polearms
  7780 | D:8      | Noticed a two-headed ogre
  7794 | D:8      | Killed a two-headed ogre
  7795 | D:8      | Reached skill level 1 in Armour
  7883 | D:8      | Reached **** piety under Okawaru
  8166 | D:8      | Received a gift from Okawaru
  8277 | D:8      | HP: 3/73 [wyvern (13)]
  8478 | D:8      | Noticed Erica
  8587 | D:8      | Killed Erica
  8588 | D:8      | Reached skill level 5 in Dodging
  8588 | D:8      | Reached XP level 11. HP: 57/78 MP: 11/11
  8666 | D:8      | Found a staircase to the Lair.
  8676 | D:8      | Reached skill level 5 in Fighting
  8690 | D:8      | Identified the +8 sling "Diedublor" {drain, Str+3}
  8875 | D:9      | Noticed a two-headed ogre
  8884 | D:9      | Killed a two-headed ogre
  8884 | D:9      | Reached ***** piety under Okawaru
  9051 | D:9      | Noticed a two-headed ogre
  9060 | D:9      | Killed a two-headed ogre
  9210 | D:9      | Found a shadowy altar of Dithmenos.
  9254 | D:9      | Found a burning altar of Makhleb.
  9607 | D:10     | Entered Level 10 of the Dungeon
  9648 | D:10     | Found an ancient bone altar of Kikubaaqudgha.
  9739 | D:10     | Reached skill level 5 in Armour
  9858 | D:10     | Found a broken altar of Ashenzari.
  9933 | D:10     | Identified the +9 great sword of Vigy {flame, rElec Will+}
                  | (Okawaru gifted it to you on level 10 of the Dungeon)
  9933 | D:10     | Received a gift from Okawaru
 11562 | D:11     | Paralysed by a hornet for 3 turns
 11565 | D:11     | Noticed a two-headed ogre
 11749 | D:11     | Noticed a two-headed ogre
 11750 | D:11     | Killed a two-headed ogre
 12024 | D:11     | Gained mutation: When seriously injured, your blood forms
                  | very thick armour. (AC +12) [demonic ancestry]
 12024 | D:11     | Reached XP level 12. HP: 66/91 MP: 12/12
 12230 | D:11     | Killed a two-headed ogre
 12540 | D:11     | Identified the +0 ring mail of Beauty {+Inv rF+ Stlth-}
                  | (Okawaru gifted it to you on level 11 of the Dungeon)
 12540 | D:11     | Received a gift from Okawaru
 12800 | Lair:1   | Entered Level 1 of the Lair of Beasts
 14384 | Lair:2   | Noticed a death yak
 14394 | Lair:2   | Noticed a death yak
 14401 | Lair:1   | Reached ****** piety under Okawaru
 14845 | Lair:2   | Noticed an eight-headed hydra
 15169 | Lair:2   | Killed a death yak
 15179 | Lair:2   | Killed a death yak
 15376 | Lair:2   | Received a gift from Okawaru
 15470 | Lair:2   | Killed an eight-headed hydra
 15604 | Lair:3   | Mutation became permanent: You have a pair of small
                  | antennae on your head. [demonic ancestry]
 15604 | Lair:3   | Gained mutation: You have a pair of antennae on your head.
                  | [demonic ancestry]
 15604 | Lair:3   | Reached XP level 13. HP: 87/103 MP: 13/13
 15616 | Lair:3   | Found a staircase to the Shoals.
 15872 | Lair:3   | Found a frozen archway.
 15898 | Lair:3   | Reached skill level 10 in Fighting
 15901 | IceCv    | Entered an ice cave
 16039 | IceCv    | Gained mutation: Your spells are a little easier to cast,
                  | but a little less powerful. [potion of mutation]
 16040 | IceCv    | Lost mutation: Your spells are a little easier to cast, but
                  | a little less powerful. [potion of mutation]
 16040 | IceCv    | Gained mutation: You are vulnerable to cold. (rC-) [potion
                  | of mutation]
 16041 | IceCv    | Lost mutation: You are vulnerable to cold. (rC-) [potion of
                  | mutation]
 16041 | IceCv    | Gained mutation: You are dopey. (Int -2) [potion of
                  | mutation]
 16041 | IceCv    | Gained mutation: Your spells are a little easier to cast,
                  | but a little less powerful. [potion of mutation]
 16041 | IceCv    | Gained mutation: You have large cloven feet. [potion of
                  | mutation]
 16714 | IceCv    | Identified the +3 glaive of Corporal Punishment {flame,
                  | rCorr Dex+3} (Okawaru gifted it to you in an ice cave)
 16714 | IceCv    | Received a gift from Okawaru
 17147 | IceCv    | Noticed a reaper
 17210 | IceCv    | Killed a reaper
 17214 | IceCv    | HP: 3/103 [death yak simulacrum (15)]
 17214 | IceCv    | Slain by a death yak simulacrum

Illustrated notes

Levels and vault maps discovered:
D:1:      dpeg_arrival_ternary, layout_loops_ring, serial_glass,
          glass_columns_c, glass_columns_c, nicolae_figureground_pulse
D:2:      minmay_roachtagon, layout_rooms
D:3:      layout_rooms, nicolae_overflow_crystal_walls,
          chequers_ecumenical_altar_simple_redux, uniq_sigmund, uniq_grinder
D:4:      layout_basic, gup_sewer_entry_pipe, hex_medium
D:5:      kennysheep_spiral_hall, layout_loops_ring,
          minmay_temple_entry_crystal_x, chequers_jeans,
          kennysheep_small_square, uniq_ijyb, uniq_menkaure
D:6:      layout_cave_pools, lemuel_mausoleum_altar_yredelemnul, serial_shops,
          shop
D:7:      layout_basic, lemuel_crystal_altar, uniq_duvessa
D:8:      layout_rooms, minmay_lair_entry_grove, kennysheep_generic_room_11,
          uniq_erica
D:9:      layout_basic, demons_altar, nicolae_overflow_hidden_temple,
          minmay_diced_spiral
D:10:     layout_layer_cave, mainiacjoe_overflow_alcove_1,
          nicolae_kikubaaqudgha_miasma_corner
D:11:     layout_long_grid, minivault_4, minmay_door_square,
          minmay_misc_feat_nine_boxes
Temple:   regret_index_temple_waves
Lair:1:   layout_cave_pods
Lair:2:   layout_chaotic_city, st_stairs_7, fungi_pond_lemuel,
          dreamdust_gnoll_shepherd, grunt_megastairs_4
Lair:3:   layout_misc_corridors, nicolae_shoals_entry_roost,
          guppyfry_snake_entry_island, portal_ice_cave_entry_imps
IceCv:    ice_cave_caverns_03

Skill      XL: |  1  2  3  4  5  6  7  8  9 10 11 12 13 |
---------------+----------------------------------------+-----
Polearms       | 3 4 6 7 9 11 13 14 | 14.0
Armour         | 3 6 8 9 |  9.3
Dodging        | 5 7 9 |  9.8
Fighting       | 4 7 9 10 | 10.0
Throwing       | |  1.7

Action                     |  1- 3 |  4- 6 |  7- 9 | 10-12 | 13-15 || total
---------------------------+-------+-------+-------+-------+-------++-------
  Melee: Trident           |   124 |    55 |   335 |   933 |   287 ||  1734
         Punch             |     1 |     2 |     4 |    16 |     3 ||    26
         Halberd           |       |       |    98 |       |       ||    98
  Throw: Dart              |       |     2 |     2 |     7 |       ||    11
 Invoke: Heroism           |       |       |       |     3 |     2 ||     5
  Evoke: Wand              |       |       |     2 |     9 |       ||    11
    Use: Scroll            |       |     5 |     7 |    10 |     1 ||    23
         Potion            |       |     1 |     5 |     3 |     4 ||    13
   Stab: Sleeping          |       |     1 |       |       |       ||     1
         Paralysed         |       |       |     4 |       |       ||     4
 Armour: Leather armour    |    27 |     6 |       |       |       ||    33
         Chain mail        |       |     4 |   146 |   301 |    83 ||   534
         Skin              |       |       |    29 |       |       ||    29
  Dodge: Dodged            |    59 |    20 |    75 |   204 |    61 ||   419
  Block: Other             |       |     5 |    47 |    83 |    50 ||   185
         Reflection        |       |       |       |       |     3 ||     3
